Map: Eternal Empire LE

Players

TLHarstem (Harstem)

  • Race: Protoss Protoss
  • Spawn Location: 7:00

YoutubeTY (TY) - Winner!

  • Race: Terran Terran
  • League: Diamond
  • Spawn Location: 1:00

Event: Shopify TSL 5

VOD

Have the link to the VOD?

Description

Time

  • Played on: May 23, 2020, 10:36 a.m.
  • Length: 8:57

All games in this series

Show
View Real Time Build Order
Export as new Build Order

TLHarstem Protoss 

Build Orders: 1 Gate Expand, Phoenix Opening 

Get SALT Encoding   

  12  0:01  Probe  
  13  0:13  Probe  
  14  0:17  Pylon  
  14  0:25  Probe (Chrono Boost)  
  15  0:35  Assimilator  
  15  0:37  Probe (Chrono Boost)  
  16  0:45  Probe (Chrono Boost)  
  16  0:46  Gateway  
  17  0:51  Probe  
  18  1:03  Probe  
  19  1:15  Probe  
  20  1:22  Nexus  
  20  1:33  Cybernetics Core  
  20  1:34  Probe  
  21  1:40  Assimilator  
  21  1:47  Probe  
  22  1:50  Pylon  
  22  1:59  Probe  
  23  2:06  Adept (Chrono Boost)  
  23  2:11  Probe  
  23  2:13  Stargate  
  26  2:21  Warp Gate  
  26  2:23  Probe  
  26  2:26  Adept (Chrono Boost)  
  29  2:37  Probe (Chrono Boost)  
  31  2:41  Assimilator  
  31  2:42  Probe (Chrono Boost)  
  31  2:46  Probe (Chrono Boost)  
  31  2:49  Adept  
  31  2:50  Probe (Chrono Boost)  
  34  2:51  Probe (Chrono Boost)  
  35  2:59  Phoenix  
  35  3:02  Probe  
  35  3:04  Probe  
  39  3:14  Probe  
  39  3:18  Robotics Facility  
  40  3:20  Probe  
  40  3:24  Pylon  
  41  3:27  Probe  
  41  3:33  Probe  
  41  3:34  Phoenix  
  45  3:39  Probe  
  45  3:45  Probe  
  46  3:51  Probe  
  46  3:53  Gateway  
  47  3:57  Probe  
  47  4:00  Phoenix  
  50  4:03  Probe  
  50  4:09  Probe, Pylon  
  52  4:12  Observer (Chrono Boost)  
  53  4:18  Nexus, Probe  
  54  4:27  Probe  
  54  4:28  Phoenix  
  54  4:30  Probe  
  58  4:33  Assimilator  
  58  4:34  Observer (Chrono Boost)  
  58  4:36  Shield Battery  
  59  4:39  Probe  
  59  4:42  Probe  
  61  4:51  Probe  
  62  4:54  Pylon  
  62  4:55  Pylon  
  62  5:03  Shield Battery  
  62  5:09  Immortal (Chrono Boost)  
  62  5:12  Stalker  
  70  5:14  Shield Battery  
  70  5:16  Stalker  
  70  5:18  Probe, Pylon  
  70  5:19  Probe  
  72  5:32  Probe  
  72  5:34  Probe, Phoenix  
  72  5:35  Stalker  
  74  5:36  Probe  
  75  5:44  Probe  
  75  5:45  Pylon, Stalker  
  75  5:48  Probe  
  75  5:49  Pylon  
  71  5:58  Phoenix, Stalker  
  71  5:59  Probe  
  66  6:09  Probe x2  
  66  6:11  Probe, Stalker  
  65  6:20  Stalker  
  65  6:21  Probe x2  
  65  6:23  Probe, Gateway, Phoenix  
  66  6:33  Probe x2  
Show
View Real Time Build Order
Export as new Build Order

YoutubeTY Terran - Winner!

Build Orders: Gas First Reaper Expand 

Get SALT Encoding   

  12  0:01  SCV  
  13  0:13  SCV  
  14  0:19  Supply Depot  
  14  0:25  SCV  
  15  0:28  Refinery  
  15  0:41  SCV  
  16  0:44  Barracks  
  16  0:53  SCV  
  17  1:05  SCV  
  18  1:17  SCV  
  19  1:32  Orbital Command, Reaper  
  20  1:43  Command Center  
  20  1:53  Factory  
  20  1:58  SCV  
  21  2:06  Supply Depot  
  21  2:07  Barracks Reactor  
  21  2:11  SCV  
  22  2:16  Refinery  
  22  2:23  SCV  
  23  2:35  SCV  
  24  2:38  Hellion  
  24  2:43  Starport, Marine x2  
  28  2:47  SCV  
  29  2:56  Orbital Command  
  29  3:01  Marine x2  
  29  3:04  SCV  
  32  3:16  SCV  
  32  3:19  Marine x2  
  35  3:22  SCV  
  35  3:24  Fusion Core  
  35  3:26  Widow Mine  
  38  3:28  Starport Tech Lab  
  38  3:30  SCV  
  39  3:37  SCV, Marine x2  
  40  3:42  SCV, Supply Depot  
  40  3:49  SCV  
  40  3:54  Marine x2  
  43  3:55  SCV  
  43  4:01  SCV  
  45  4:08  SCV, Supply Depot  
  46  4:14  Battlecruiser  
  46  4:15  Marine x2  
  54  4:24  Supply Depot  
  54  4:30  SCV x2, Widow Mine  
  58  4:31  Supply Depot  
  58  4:34  Marine x2  
  60  4:42  SCV x2  
  62  4:54  SCV x2, Factory Tech Lab  
  62  4:56  Command Center  
  62  4:59  Marine x2  
  66  5:04  Supply Depot  
  66  5:06  SCV x2  
  68  5:08  Refinery  
  68  5:18  SCV x2, Battlecruiser  
  76  5:21  Marine  
  76  5:24  Marine  
  78  5:30  SCV x2  
  80  5:41  Marine  
  80  5:42  SCV x2, Marine, Refinery  
  82  5:43  Supply Depot  
  82  5:48  Siege Tank  
  81  5:54  SCV x2  
  81  5:59  Marine  
  81  6:00  Marine  
  81  6:06  SCV, Barracks  
  81  6:09  SCV x2  
  81  6:11  Barracks  
  83  6:17  Marine  
  83  6:18  Marine  
  84  6:20  SCV  
  81  6:26  SCV, Siege Tank  
  81  6:27  SCV  
Tags
 
Add a new tag
Caveats
  • Supply blocks, unpowered buildings, or Contaminate may cause inaccurate times.
  • Supply counts are checked every 10 seconds.